 Dungeon Crawl Stone Soup version 0.31-a0-182-gc5ef74bbde (webtiles) character file.

Game seed: 6486924939872570610

51 qw the Chopper (level 3, 0/23 HPs)
             Began as a Gargoyle Fighter on June 20, 2023.
             Slain by Natasha (3 damage)
             ... on level 2 of the Dungeon.
             The game lasted 00:00:39 (938 turns).

qw the Chopper (Gargoyle Fighter)                    Turns: 938, Time: 00:00:40

Health: 0/23       AC: 10    Str: 21    XL:     3   Next: 81%
Magic:  3/3        EV:  9    Int:  8    God:
Gold:   77         SH:  4    Dex:  9    Spells: 2/2 levels left

rFire   . . .        Y - +0 war axe
rCold   . . .        c - +0 buckler
rNeg    + . .        b - +0 scale mail
rPois   inf          (no helmet)
rElec   +            (no cloak)
rCorr   .            (no gloves)
SInv    .            (no boots)
Will    .....        (no amulet) Stlth
                     (no ring)
HPRegen 0.23/turn    (no ring)
MPRegen 0.08/turn

%: no passive effects
@: about to teleport, slowed, very slow
A: sickness immunity, AC +3, negative energy resistance 1, electricity
resistance, torment resistance 1, petrification resistance
a: no special abilities


You were on level 2 of the Dungeon.
You visited 1 branch of the dungeon, and saw 2 of its levels.

You collected 77 gold pieces.


Innate Abilities, Weirdness & Mutations

You are immune to sickness and miasma.
Your stone body is resilient. (AC +3)
You are immune to poison.
You resist negative energy. (rN+)
You are resistant to electric shocks. (rElec)
You are resistant to unholy torment.
You are immune to petrification.


   Skills:
 - Level 3.2 Fighting
 + Level 3.6 Axes
 - Level 3.2 Armour
 - Level 3.2 Shields


You had 2 spell levels left.
You didn't know any spells.
Your spell library was empty.

Inventory:

Hand Weapons
 h - a +0 whip
 Y - a +0 war axe (weapon)
Armour
 b - a +0 scale mail (worn)
 c - a +0 buckler (worn)
 i - a +0 chain mail
Scrolls
 a - a scroll of teleportation
 g - 2 scrolls of identify
 j - a scroll of brand weapon {unknown}
 k - a scroll of enchant weapon {unknown}
Potions
 d - a potion of might
 e - a potion of haste {unknown}
 f - a potion of curing {unknown}

Dungeon Overview and Level Annotations

Branches:
Dungeon (2/15)

Altars:

Annotations:
D:2 Natasha


Message History

You closely miss the goblin.
The cerulean imp hits you but does no damage.
Natasha claws you but does no damage.
The cerulean imp hits you but does no damage.
You block the goblin's attack.
The cerulean imp hits you but does no damage.
You block Natasha's attack.
The cerulean imp hits you from afar with a +2 spear.
You block the goblin's attack.
You closely miss Natasha.
Natasha is heavily wounded.
You barely miss the goblin.
The cerulean imp hits you but does no damage.
Natasha claws you but does no damage.
The cerulean imp hits you from afar with a +2 spear.
The goblin hits you with a +1 vampiric dagger.
The cerulean imp hits you from afar with a +0 spear.
Natasha misses you.
The cerulean imp hits you but does no damage.
The goblin closely misses you.
The cerulean imp hits you but does no damage.
You barely miss Natasha.
Natasha is heavily wounded.
You hit the goblin but do no damage. Natasha claws you but does no damage.
The cerulean imp hits you from afar with a +2 spear.
The goblin hits you but does no damage. The cerulean imp closely misses you.
Natasha mumbles some strange words.
Natasha glows brightly for a moment.
Natasha claws you.
The cerulean imp hits you but does no damage.
The goblin barely misses you.
938 ||| READING 2 scrolls of teleportation.
As you read the scroll of teleportation, it crumbles to dust.
You feel strangely unstable. The cerulean imp closely misses you.
Natasha claws you but does no damage. The cerulean imp closely misses you.
The goblin hits you with a +1 vampiric dagger.
The cerulean imp barely misses you. Natasha claws you.
You die...

### # ###.. .. ....
...##..
.....#'#################
........................
.....5h@.............#.#
##.#.5.g######.......#.#
...'....# #.......#.#
##.#....# #.#.###.#.#
#......# ..#.#.###....
#......# .............
#..##### .#.#..)....#
#.. ..#...###..## ###.
......


You could see Natasha, 2 cerulean imps and a goblin.

Vanquished Creatures
  2 dart slugs (D:2)
  2 bats (D:2)
  6 endoplasms
  A giant cockroach (D:1)
  4 goblins (D:2)
  8 hobgoblins
  4 jackals (D:1)
  5 kobolds
  2 quokkas (D:1)
  2 ball pythons
  2 frilled lizards (D:1)
38 creatures vanquished.

Notes
Turn   | Place    | Note
-------+----------+-------------------------------------------
     0 | D:1      | qw the Gargoyle Fighter began the quest for the Orb.
     0 | D:1      | Reached XP level 1. HP: 14/14 MP: 1/1
     0 | D:1      | 0 ||| qw: Version: 0.3-a-9-g12657ce
     0 | D:1      | 0 ||| qw: Game counter: 1353
     0 | D:1      | 0 ||| qw: Always use a shield: true
     0 | D:1      | 0 ||| qw: God list: Okawaru
     0 | D:1      | 0 ||| qw: Allow faded altars: false
     0 | D:1      | 0 ||| qw: Do Orc after D:15 true
     0 | D:1      | 0 ||| qw: Do second Lair branch before Depths: true
     0 | D:1      | 0 ||| qw: Lair rune preference: random
     0 | D:1      | 0 ||| qw: Plans: Normal, Zot:1-4, Slime:5, God:TSO, Crypt,
                  | Tomb, Abyss, Pan, Hells, Win
     0 | D:1      | 0 ||| PLANNING D:1-11
   214 | D:1      | 214 ||| Stepping ~*~*~tactically~*~*~ (stealth).
   225 | D:1      | Reached XP level 2. HP: 19/19 MP: 2/2
   644 | D:1      | 644 ||| READING 3 scrolls labelled VAOGANABOU.
   648 | D:1      | 648 ||| READING 2 scrolls labelled SOUTYCS LIHO.
   664 | D:2      | Reached skill level 3 in Axes
   672 | D:2      | 672 ||| Stepping ~*~*~tactically~*~*~ (stealth).
   679 | D:2      | Reached XP level 3. HP: 22/23 MP: 3/3
   704 | D:2      | 704 ||| Stepping ~*~*~tactically~*~*~ (stealth).
   776 | D:2      | 776 ||| Stepping ~*~*~tactically~*~*~ (stealth).
   927 | D:2      | Noticed Natasha
   937 | D:2      | HP: 3/23 [Natasha (6)]
   938 | D:2      | 938 ||| READING 2 scrolls of teleportation.
   938 | D:2      | Slain by Natasha

Levels and vault maps discovered:
D:1:      dpeg_arrival_water_fire, layout_basic, hangedman_decor_opposing,
          nicolae_the_louvre
D:2:      layout_basic, minmay_diced_spiral, uniq_natasha

Skill      XL: |  1  2 |
---------------+-------+-----
Axes           | 2 3 |  3.6
Fighting       | |  3.2
Armour         | |  3.2
Shields        | |  3.2

Action                     || total
---------------------------++-------
  Melee: War axe           ||   111
    Use: Scroll            ||     3
 Armour: Scale mail        ||    80
  Dodge: Dodged            ||    58
  Block: Buckler           ||    21

Table legend:
 A = Non-vault XP
 B = Vault XP
 C = Vault XP percentage of total XP
 D = Non-vault monster count
 E = Vault monster count
 F = Vault count percentage of total count
                 A         B        C        D         E       F
            +---------+---------+-------+---------+---------+-------
      Total |      65 |       8 |  11.0 |      34 |       4 |  10.5
            +---------+---------+-------+---------+---------+-------
        D:1 |      29 |       0 |   0.0 |      16 |       0 |   0.0
        D:2 |      36 |       8 |  18.2 |      18 |       4 |  18.2
            +---------+---------+-------+---------+---------+-------
